 Dungeon Crawl Stone Soup version 0.30.0-20-g3615ddf2f0 (webtiles) character file.

Game seed: 573509843579083524

151 qw the Chopper (level 5, -1/32 HPs)
             Began as a Gargoyle Fighter on May 31, 2023.
             Slain by Grinder (7 damage)
             ... on level 3 of the Dungeon.
             The game lasted 00:00:52 (2287 turns).

qw the Chopper (Gargoyle Fighter)                   Turns: 2287, Time: 00:00:53

Health: -1/32      AC: 14    Str: 18 (21) XL:     5   Next: 33%
Magic:  5/5        EV:  7    Int:  6 (9)  God:
Gold:   124        SH:  9    Dex:  7 (9)  Spells: 4/4 levels left

rFire   + . .        Y - +0 war axe
rCold   + . .        c - +0 buckler
rNeg    + . .        o - +0 chain mail
rPois   inf          (no helmet)
rElec   +            a - scarf {rC+ rF+}
rCorr   .            i - +0 pair of gloves
SInv    .            (no boots)
Will    .....        g - amulet of reflection Stlth
                     (no ring)
HPRegen 0.25/turn    (no ring)
MPRegen 0.09/turn

%: reflection
@: about to teleport
A: sickness immunity, AC +4, negative energy resistance 1, electricity
resistance, torment resistance 1, petrification resistance
a: no special abilities


You were on level 3 of the Dungeon.
You visited 1 branch of the dungeon, and saw 3 of its levels.

You collected 124 gold pieces.


Innate Abilities, Weirdness & Mutations

You are immune to sickness and miasma.
Your stone body is resilient. (AC +4)
You are immune to poison.
You resist negative energy. (rN+)
You are resistant to electric shocks. (rElec)
You are resistant to unholy torment.
You are immune to petrification.


   Skills:
 - Level 3.2 Fighting
 + Level 4.9 Axes
 - Level 3.2 Armour
 - Level 3.2 Shields


You had 4 spell levels left.
You didn't know any spells.
Your spell library was empty.

Inventory:

Hand Weapons
 f - a +0 club
 Y - a +0 war axe (weapon)
Armour
 a - a scarf of resistance (worn)
 c - a +0 buckler (worn)
 i - a +0 pair of gloves (worn)
 o - a +0 chain mail (worn)
Jewellery
 g - an amulet of reflection (around neck)
Scrolls
 b - a scroll of noise {unknown}
 m - a scroll of vulnerability {unknown}
 n - a scroll of identify {unknown}
Potions
 d - a potion of might
 e - a potion of heal wounds {unknown}
 h - a potion of curing {unknown}
 k - a potion of flight {unknown}
 l - a potion of ambrosia {unknown}
 p - a potion of magic {unknown}

Dungeon Overview and Level Annotations

Branches:
Dungeon (3/15)

Altars:

Annotations:
D:3 Grinder


Message History

Found a stone staircase leading up.
Found an escape hatch in the floor.
Grinder comes into view.
Grinder shouts!
Grinder blinks!
Enter note:
Enter note:
2271 ||| Stepping ~*~*~tactically~*~*~ (hiding).
You start waiting.
Grinder is nearby!
2273 ||| Stepping ~*~*~tactically~*~*~ (hiding).
You start waiting.
Grinder is nearby!
You closely miss Grinder. Grinder gestures at you.
Pain shoots through your body!
You hit Grinder.
Grinder is lightly wounded.
Grinder gestures at you.
You suddenly lose the ability to move!
Grinder says, "FISH!"
Grinder blinks!
Grinder gestures at you. Pain shoots through your body!
Grinder gestures at you.
You shrug off the repeated paralysis!
You can move again.
You block Grinder's attack.
You slash Grinder!
Grinder is moderately wounded.
Grinder hits you.
You writhe in agony.
You closely miss Grinder.
Grinder is moderately wounded.
Grinder says, "What is the universe for?"
Grinder hits you.
You writhe in agony.
Grinder hits you.
You writhe in agony.
2287 ||| READING scroll of teleportation.
As you read the scroll of teleportation, it crumbles to dust.
You feel strangely unstable. Grinder hits you!
You die...

#.. #.# #.# ###.##
#>...#
#....##########
#...<#.........
#..5@..........
#...S###?######
##########....# .#
#.............# ..
##.##########..#
#5# ##....### ##..#
.# #..........
...... 5.
#...##...###...##..
.. #..###.#.#.#.#.#
#..


You could see Grinder and an adder.

Vanquished Creatures
  A howler monkey (D:2)
  Natasha (thrice) (D:2)
  A dart slug (D:2)
  An endoplasm (D:1)
  A giant cockroach (D:2)
  A goblin (D:1)
  2 hobgoblins
  5 kobolds
  A quokka (D:2)
  3 ball pythons
  6 bats
  7 frilled lizards
  9 rats
41 creatures vanquished.

Notes
Turn   | Place    | Note
-------+----------+-------------------------------------------
     0 | D:1      | qw the Gargoyle Fighter began the quest for the Orb.
     0 | D:1      | Reached XP level 1. HP: 14/14 MP: 1/1
     0 | D:1      | 0 ||| qw: Version: 0.2-a-102-gfc559e5
     0 | D:1      | 0 ||| qw: Game counter: 579
     0 | D:1      | 0 ||| qw: Always use a shield: true
     0 | D:1      | 0 ||| qw: God list: Okawaru
     0 | D:1      | 0 ||| qw: Allow faded altars: false
     0 | D:1      | 0 ||| qw: Do Orc after D:15 true
     0 | D:1      | 0 ||| qw: Do second Lair branch before Depths: true
     0 | D:1      | 0 ||| qw: Lair rune preference: random
     0 | D:1      | 0 ||| qw: Plans: Normal, Zot:1-4, Slime:5, God:TSO, Crypt,
                  | Tomb, Pan, Hells, Abyss, Win
     0 | D:1      | 0 ||| PLANNING D:1-11
    70 | D:1      | Reached skill level 2 in Axes
   366 | D:1      | Reached XP level 2. HP: 19/19 MP: 2/2
   969 | D:1      | 969 ||| UPGRADING to +0 pair of gloves.
   974 | D:1      | 974 ||| UPGRADING to amulet of reflection.
   979 | D:1      | 979 ||| READING scroll labelled LEQAWE VIYKK.
  1037 | D:2      | Noticed Natasha
  1042 | D:2      | Killed Natasha
  1043 | D:2      | Reached skill level 3 in Axes
  1043 | D:2      | Reached XP level 3. HP: 23/23 MP: 3/3
  1062 | D:2      | 1062 ||| Stepping ~*~*~tactically~*~*~ (hiding).
  1270 | D:2      | Noticed Natasha
  1276 | D:2      | Killed Natasha
  1277 | D:2      | Reached XP level 4. HP: 20/28 MP: 4/4
  1323 | D:2      | Noticed Natasha
  1331 | D:2      | Killed Natasha
  1332 | D:2      | Reached skill level 4 in Axes
  1379 | D:2      | Reached XP level 5. HP: 25/32 MP: 5/5
  1637 | D:2      | 1637 ||| Stepping ~*~*~tactically~*~*~ (hiding).
  1854 | D:2      | 1854 ||| Stepping ~*~*~tactically~*~*~ (stealth).
  1904 | D:2      | 1904 ||| Stepping ~*~*~tactically~*~*~ (stealth).
  2124 | D:2      | 2124 ||| UPGRADING to scarf of resistance.
  2129 | D:2      | 2129 ||| UPGRADING to +0 chain mail.
  2139 | D:2      | 2139 ||| DROPPING +0 scale mail.
  2140 | D:2      | 2140 ||| READING scroll labelled DECAOFR QECIY.
  2141 | D:2      | 2141 ||| READING scroll labelled DYVATZYZYE.
  2142 | D:2      | 2142 ||| READING scroll labelled EWUOGH REPPIN.
  2145 | D:2      | 2145 ||| DRINKING 2 murky blue potions.
  2146 | D:2      | 2146 ||| DROPPING potion of degeneration.
  2205 | D:3      | 2205 ||| Stepping ~*~*~tactically~*~*~ (stealth).
  2206 | D:3      | 2206 ||| Stepping ~*~*~tactically~*~*~ (stealth).
  2270 | D:3      | Noticed Grinder
  2271 | D:3      | 2271 ||| Stepping ~*~*~tactically~*~*~ (hiding).
  2273 | D:3      | 2273 ||| Stepping ~*~*~tactically~*~*~ (hiding).
  2278 | D:3      | Paralysed by Grinder for 5 turns
  2286 | D:3      | HP: 6/32 [Grinder (3)]
  2287 | D:3      | 2287 ||| READING scroll of teleportation.
  2287 | D:3      | Slain by Grinder

Levels and vault maps discovered:
D:1:      erik_arrival_triangle_large, layout_basic,
          hangedman_abyss_or_decor_lesser_grid, kennysheep_decorative_pillar,
          hangedman_decor_clover_reticule
D:2:      layout_loops_corners, uniq_natasha
D:3:      layout_rooms, minmay_misc_feat_iff, minmay_starry_boxes, uniq_terence,
          uniq_grinder, uniq_sigmund, uniq_crazy_yiuf_cottage

Skill      XL: |  1  2  3  4 |
---------------+-------------+-----
Axes           | 2 3 4 |  4.9
Fighting       | |  3.2
Armour         | |  3.2
Shields        | |  3.2

Action                     |  1- 3 |  4- 6 || total
---------------------------+-------+-------++-------
  Melee: War axe           |    44 |    66 ||   110
    Use: Scroll            |     1 |     4 ||     5
         Potion            |       |     1 ||     1
 Armour: Scale mail        |    12 |    17 ||    29
         Chain mail        |       |     8 ||     8
  Dodge: Dodged            |    22 |    25 ||    47
  Block: Buckler           |     9 |    26 ||    35
         Reflection        |     1 |       ||     1

Table legend:
 A = Non-vault XP
 B = Vault XP
 C = Vault XP percentage of total XP
 D = Non-vault monster count
 E = Vault monster count
 F = Vault count percentage of total count
                 A         B        C        D         E       F
            +---------+---------+-------+---------+---------+-------
      Total |     172 |      44 |  20.4 |      35 |       6 |  14.6
            +---------+---------+-------+---------+---------+-------
        D:1 |      18 |       0 |   0.0 |      13 |       0 |   0.0
        D:2 |     150 |      37 |  19.8 |      19 |       1 |   5.0
        D:3 |       4 |       7 |  63.6 |       3 |       5 |  62.5
            +---------+---------+-------+---------+---------+-------
